TOP OF THE 1ST |
---|
Richmond Flairs batting - Pitching for Tuscaloosa Trout Slayers : RHP Steve Sousa | Pitching: RHP Steve Sousa | | Batting: RHB Lonson Seals | 0-0: SINGLE (Line Drive, 78S) | Batting: LHB Dave Gray | 0-0: Fielders Choice at 2nd, 4-6 (Groundball, 4M) | Batting: LHB Luis Villa | 0-0: 2-RUN HOME RUN (Flyball, 8LXD), Distance : 433 ft | Batting: RHB Jack Ray | 0-0: Foul Ball, location: 2F 0-1: Ball 1-1: Foul Ball, location: 2F 1-2: Ground out 4-3 (Groundball, 4) | Batting: RHB R.J. Crosby | 0-0: Called Strike 0-1: Foul Ball, location: 2F 0-2: Ball 1-2: Ball 2-2: Fly out, F4 (Flyball, 34D) | Top of the 1st over - 2 runs, 2 hits, 0 errors, 0 left on base; Richmond 2 - Tuscaloosa 0 | BOTTOM OF THE 1ST |
---|
Tuscaloosa Trout Slayers batting - Pitching for Richmond Flairs : RHP Carlos Fernández | Pitching: RHP Carlos Fernández | | Batting: RHB Iván Moreno | 0-0: Called Strike 0-1: Foul Ball, location: 2F 0-2: Strikes out swinging | Batting: RHB Jason Saunders | 0-0: Called Strike 0-1: Ball 1-1: Ball 2-1: Foul Ball, location: 2F 2-2: DOUBLE (Line Drive, 78XD) | Batting: LHB Ed Hart | 0-0: Swinging Strike 0-1: Foul Ball, location: 2F 0-2: Fly out, F5 (Popup, 5DF) | Batting: RHB José Fernández | 0-0: Ball 1-0: Foul Ball, location: 2F 1-1: Foul Ball, location: 2F 1-2: Ball 2-2: Ball 3-2: Ground out 6-3 (Groundball, 6) | Bottom of the 1st over - 0 runs, 1 hit, 0 errors, 1 left on base; Richmond 2 - Tuscaloosa 0 | TOP OF THE 2ND |
---|
Richmond Flairs batting - Pitching for Tuscaloosa Trout Slayers : RHP Steve Sousa | Batting: RHB Robert Marks | 0-0: Ball 1-0: Ball 2-0: Called Strike 2-1: Ball 3-1: Called Strike 3-2: Strikes out swinging | Batting: RHB Jeff Bane | 0-0: Ball 1-0: Called Strike 1-1: Ball 2-1: Called Strike 2-2: Ground out 5-3 (Groundball, 56) | Batting: SHB Adrián Miranda | 0-0: Ball 1-0: Ball 2-0: Ball 3-0: Base on Balls | Batting: RHB Christian Hudson | 0-0: Ball 1-0: DOUBLE (Groundball, 5L) Adrián Miranda to third | Batting: RHB Lonson Seals | 0-0: Ball 1-0: Called Strike 1-1: Foul Ball, location: 2F 1-2: Strikes out swinging | Top of the 2nd over - 0 runs, 1 hit, 0 errors, 2 left on base; Richmond 2 - Tuscaloosa 0 | BOTTOM OF THE 2ND |
---|
Tuscaloosa Trout Slayers batting - Pitching for Richmond Flairs : RHP Carlos Fernández | Batting: RHB Shigemasa Ishida | 0-0: Ball 1-0: Ground out 4-3 (Groundball, 4) | Batting: RHB Alfredo Díaz | 0-0: SINGLE (Line Drive, 6M) | Batting: RHB Satoru Daikawa | 0-0: Ball 1-0: Called Strike 1-1: Ball 2-1: Swinging Strike 2-2: Strikes out swinging | Batting: RHB Juan Reyes | 0-0: Ball 1-0: Ground out 4-3 (Groundball, 4) | Bottom of the 2nd over - 0 runs, 1 hit, 0 errors, 1 left on base; Richmond 2 - Tuscaloosa 0 | TOP OF THE 3RD |
---|
Richmond Flairs batting - Pitching for Tuscaloosa Trout Slayers : RHP Steve Sousa | Batting: LHB Dave Gray | 0-0: Ball 1-0: Ground out 5-3 (Groundball, 56S) | Batting: LHB Luis Villa | 0-0: Called Strike 0-1: Foul Ball, location: 2F 0-2: Foul Ball, location: 2F 0-2: Ball 1-2: Fly out, F9 (Flyball, 9S) | Batting: RHB Jack Ray | 0-0: Ball 1-0: Ball 2-0: Fly out, F7 (Flyball, 7S) | Top of the 3rd over - 0 runs, 0 hits, 0 errors, 0 left on base; Richmond 2 - Tuscaloosa 0 | BOTTOM OF THE 3RD |
---|
Tuscaloosa Trout Slayers batting - Pitching for Richmond Flairs : RHP Carlos Fernández | Batting: RHB Lynn Ford | 0-0: Called Strike 0-1: SINGLE (Line Drive, 56D) | Batting: RHB Iván Moreno | 0-0: Ball Lynn Ford steals 2nd base 1-0: Ball 2-0: Ground out 4-3 (Groundball, 4S) Lynn Ford to third | Batting: RHB Jason Saunders | 0-0: Ball 1-0: Swinging Strike 1-1: Ball 2-1: Ball 3-1: Called Strike 3-2: Strikes out swinging | Batting: LHB Ed Hart | 0-0: Swinging Strike 0-1: Foul Ball, location: 2F 0-2: Ball 1-2: Strikes out swinging | Bottom of the 3rd over - 0 runs, 1 hit, 0 errors, 1 left on base; Richmond 2 - Tuscaloosa 0 | TOP OF THE 4TH |
---|
Richmond Flairs batting - Pitching for Tuscaloosa Trout Slayers : RHP Steve Sousa | Batting: RHB R.J. Crosby | 0-0: Fly out, F8 (Flyball, 8RXD) | Batting: RHB Robert Marks | 0-0: Ball 1-0: Swinging Strike 1-1: Foul Ball, location: 2F 1-2: Ball 2-2: SINGLE (Line Drive, 6MD) | Batting: RHB Jeff Bane | 0-0: Called Strike 0-1: Fielders Choice at 2nd, 4-6 (Groundball, 34) | Batting: SHB Adrián Miranda | 0-0: Foul Ball, location: 2F 0-1: Ball Passed Ball! Jeff Bane to second 1-1: Swinging Strike 1-2: Strikes out looking | Top of the 4th over - 0 runs, 1 hit, 0 errors, 1 left on base; Richmond 2 - Tuscaloosa 0 | BOTTOM OF THE 4TH |
---|
Tuscaloosa Trout Slayers batting - Pitching for Richmond Flairs : RHP Carlos Fernández | Batting: RHB José Fernández | 0-0: Ball 1-0: Ground out 6-3 (Groundball, 6D) | Batting: RHB Shigemasa Ishida | 0-0: Called Strike 0-1: SINGLE (Groundball, 4MD) | Batting: RHB Alfredo Díaz | 0-0: Ball 1-0: Called Strike 1-1: Ball 2-1: Fielders Choice at 2nd, 5-4 (Groundball, 5) | Batting: RHB Satoru Daikawa | 0-0: Called Strike Alfredo Díaz steals 2nd base 0-1: Ball 1-1: Ball Wild Pitch! Alfredo Díaz to third 2-1: Ball 3-1: Foul Ball, location: 2F 3-2: Foul Ball, location: 2F 3-2: Foul Ball, location: 2F 3-2: SINGLE (Flyball, 9S) Alfredo Díaz scores | Batting: RHB Juan Reyes | 0-0: Ball 1-0: Foul Ball, location: 2F 1-1: Fly out, F9 (Flyball, 9LMF) | Bottom of the 4th over - 1 run, 2 hits, 0 errors, 1 left on base; Richmond 2 - Tuscaloosa 1 | TOP OF THE 5TH |
---|
Richmond Flairs batting - Pitching for Tuscaloosa Trout Slayers : RHP Steve Sousa | Batting: RHB Christian Hudson | 0-0: Ball 1-0: Called Strike 1-1: Called Strike 1-2: Ball 2-2: Fly out, F9 (Flyball, 9D) | Batting: RHB Lonson Seals | 0-0: Swinging Strike 0-1: Foul Ball, location: 2F 0-2: Foul Ball, location: 2F 0-2: Ball 1-2: Ground out 1-3 (Groundball, 13S) | Batting: LHB Dave Gray | 0-0: Called Strike 0-1: Fly out, F8 (Flyball, 8RS) | Top of the 5th over - 0 runs, 0 hits, 0 errors, 0 left on base; Richmond 2 - Tuscaloosa 1 | BOTTOM OF THE 5TH |
---|
Tuscaloosa Trout Slayers batting - Pitching for Richmond Flairs : RHP Carlos Fernández | Batting: RHB Lynn Ford | 0-0: Ball 1-0: Called Strike 1-1: Ball 2-1: Ball 3-1: Base on Balls | Pitching: RHP Lorenzo Ramos | | Batting: RHB Iván Moreno | 0-0: SINGLE (Groundball, 3D) Lynn Ford to second Runner from 2nd tries for 3rd, SAFE, no throw | Batting: RHB Jason Saunders | 0-0: Ball 1-0: Fielders Choice at 2nd, 5-4 (Groundball, 56) Lynn Ford scores | Batting: LHB Ed Hart | 0-0: Grounds into double play, 5-4-3 (Groundball, 5) | Bottom of the 5th over - 1 run, 1 hit, 0 errors, 0 left on base; Richmond 2 - Tuscaloosa 2 | TOP OF THE 6TH |
---|
Richmond Flairs batting - Pitching for Tuscaloosa Trout Slayers : RHP Steve Sousa | Batting: LHB Luis Villa | 0-0: Ball 1-0: Foul Ball, location: 2F 1-1: Ball 2-1: Called Strike 2-2: Foul Ball, location: 2F 2-2: Ball 3-2: Foul Ball, location: 2F 3-2: Base on Balls | Batting: RHB Jack Ray | 0-0: Ball 1-0: Ball 2-0: Ball 3-0: Base on Balls Luis Villa to second | Batting: RHB R.J. Crosby | 0-0: Fly out, F7 (Flyball, 7LS) | Batting: RHB Robert Marks | 0-0: Ball 1-0: SINGLE (Groundball, 34D) Luis Villa to third Jack Ray to second Runner from 3rd tries for Home, SAFE, no throw | Batting: RHB Jeff Bane | 0-0: Fly out, F9 (Flyball, 9D) Runner from 2nd tags up, SAFE at 3rd, no throw | Batting: SHB Adrián Miranda | 0-0: Ball 1-0: Ball 2-0: Ball 3-0: Foul Ball, location: 2F 3-1: Base on Balls Robert Marks to second | Batting: RHB Christian Hudson | 0-0: Ball 1-0: Ball 2-0: Fly out, F8 (Line Drive, 89D) | Top of the 6th over - 1 run, 1 hit, 0 errors, 3 left on base; Richmond 3 - Tuscaloosa 2 | BOTTOM OF THE 6TH |
---|
Tuscaloosa Trout Slayers batting - Pitching for Richmond Flairs : RHP Lorenzo Ramos | Batting: RHB José Fernández | 0-0: Called Strike 0-1: Ball 1-1: Ball 2-1: Foul Ball, location: 2F 2-2: Foul Ball, location: 2F 2-2: Ball 3-2: Foul Ball, location: 2F 3-2: SINGLE (Groundball, 23) (infield hit) | Batting: RHB Shigemasa Ishida | 0-0: Grounds into double play, 6-4-3 (Groundball, 6) | Batting: RHB Alfredo Díaz | 0-0: Called Strike 0-1: Ball 1-1: Ball 2-1: Fly out, F6 (Popup, 6) | Bottom of the 6th over - 0 runs, 1 hit, 0 errors, 0 left on base; Richmond 3 - Tuscaloosa 2 | TOP OF THE 7TH |
---|
Richmond Flairs batting - Pitching for Tuscaloosa Trout Slayers : RHP Steve Sousa | Batting: RHB Lonson Seals | 0-0: Foul Ball, location: 2F 0-1: Ball 1-1: Ground out 6-3 (Groundball, 6) | Batting: LHB Dave Gray | 0-0: Foul Ball, location: 2F 0-1: Swinging Strike 0-2: Foul Ball, location: 2F 0-2: Strikes out swinging | Batting: LHB Luis Villa | 0-0: Ball 1-0: Ball 2-0: Foul Ball, location: 2F 2-1: Called Strike 2-2: Strikes out swinging, 2-3 out at first. | Top of the 7th over - 0 runs, 0 hits, 0 errors, 0 left on base; Richmond 3 - Tuscaloosa 2 | BOTTOM OF THE 7TH |
---|
Tuscaloosa Trout Slayers batting - Pitching for Richmond Flairs : RHP Lorenzo Ramos | Batting: RHB Satoru Daikawa | 0-0: Ball 1-0: Foul Ball, location: 2F 1-1: Fly out, F8 (Flyball, 8RD) | Batting: RHB Juan Reyes | 0-0: Ground out 4-3 (Groundball, 4MD) | Batting: RHB Lynn Ford | 0-0: Ball 1-0: Ball 2-0: Fly out, F8 (Flyball, 8LD) | Bottom of the 7th over - 0 runs, 0 hits, 0 errors, 0 left on base; Richmond 3 - Tuscaloosa 2 | TOP OF THE 8TH |
---|
Richmond Flairs batting - Pitching for Tuscaloosa Trout Slayers : RHP Steve Sousa | Batting: RHB Jack Ray | 0-0: Ball 1-0: Ball 2-0: Called Strike 2-1: Ground out 6-3 (Groundball, 6M) | Batting: RHB R.J. Crosby | 0-0: Ball 1-0: Ground out 6-3 (Groundball, 6) | Batting: RHB Robert Marks | 0-0: Ball 1-0: Ball 2-0: Called Strike 2-1: Ball 3-1: Base on Balls | Pitching: RHP Matt McGinnity | | Pinch Hitting: LHB Sean Nicks | 0-0: Called Strike 0-1: Foul Ball, location: 2F 0-2: Strikes out swinging | Top of the 8th over - 0 runs, 0 hits, 0 errors, 1 left on base; Richmond 3 - Tuscaloosa 2 | BOTTOM OF THE 8TH |
---|
Tuscaloosa Trout Slayers batting - Pitching for Richmond Flairs : RHP Lorenzo Ramos | Pitching: LHP José Morán | | Now at 1B: Liangde Que | | Batting: RHB Iván Moreno | 0-0: Swinging Strike 0-1: Ball 1-1: Ball 2-1: SINGLE (Line Drive, 4M) | Batting: RHB Jason Saunders | 0-0: Ball 1-0: Sac Bunt - play at first, batter OUT! 1-4 Iván Moreno to second | Pinch Hitting: RHB Kyle O'Day | 0-0: Swinging Strike 0-1: Fly out, F9 (Flyball, 9) | Batting: RHB José Fernández | 0-0: Foul Ball, location: 2F 0-1: Ball 1-1: Foul Ball, location: 2F 1-2: Ball 2-2: Ball 3-2: Ground out 6-3 (Groundball, 6) | Bottom of the 8th over - 0 runs, 1 hit, 0 errors, 1 left on base; Richmond 3 - Tuscaloosa 2 | TOP OF THE 9TH |
---|
Richmond Flairs batting - Pitching for Tuscaloosa Trout Slayers : RHP Matt McGinnity | Now in LF: Kyle O'Day | | Batting: SHB Adrián Miranda | 0-0: Called Strike 0-1: Foul Ball, location: 2F 0-2: Ball 1-2: Foul Ball, location: 2F 1-2: Ball 2-2: Ball 3-2: Strikes out swinging | Batting: RHB Christian Hudson | 0-0: Called Strike 0-1: SINGLE (Line Drive, 6M) | Batting: RHB Lonson Seals | 0-0: Called Strike 0-1: SINGLE (Groundball, 56D) Christian Hudson to second | Batting: LHB Dave Gray | 0-0: Called Strike 0-1: Swinging Strike 0-2: Ball 1-2: Fielders Choice at 2nd, 1-4 (Groundball, 15S) Christian Hudson to third | Batting: LHB Luis Villa | 0-0: Ball 1-0: Fly out, F9 (Flyball, 9) | Top of the 9th over - 0 runs, 2 hits, 0 errors, 2 left on base; Richmond 3 - Tuscaloosa 2 | BOTTOM OF THE 9TH |
---|
Tuscaloosa Trout Slayers batting - Pitching for Richmond Flairs : LHP José Morán | Batting: RHB Shigemasa Ishida | 0-0: Ball 1-0: Ball 2-0: Ball 3-0: Called Strike 3-1: SOLO HOME RUN (Flyball, 7D), Distance : 355 ft | Batting: RHB Alfredo Díaz | 0-0: Called Strike 0-1: Foul Ball, location: 2F 0-2: Ball 1-2: Ball 2-2: Ground out 6-3 (Groundball, 6) | Batting: RHB Satoru Daikawa | 0-0: Foul Ball, location: 2F 0-1: Called Strike 0-2: Ball 1-2: Ball 2-2: Ball 3-2: Base on Balls | Batting: RHB Juan Reyes | 0-0: Fly out, F7 (Flyball, 7D) | Batting: RHB Lynn Ford | 0-0: SINGLE (Groundball, 34D) Satoru Daikawa to second Runner from 2nd tries for 3rd, SAFE, no throw | Pinch Hitting: RHB César Reyes | 0-0: Ball 1-0: Foul Ball, location: 2F 1-1: Ball 2-1: Ball 3-1: Called Strike 3-2: Strikes out swinging | Bottom of the 9th over - 1 run, 2 hits, 0 errors, 2 left on base; Richmond 3 - Tuscaloosa 3 | TOP OF THE 10TH |
---|
Richmond Flairs batting - Pitching for Tuscaloosa Trout Slayers : RHP Matt McGinnity | Pitching: LHP Luis López | | Now at SS: José Ortega | | Batting: RHB Jack Ray | 0-0: Ground out 3-1 (Groundball, 34S) | Batting: RHB R.J. Crosby | 0-0: Ball 1-0: SINGLE (Groundball, 56D) | Batting: RHB Robert Marks | 0-0: Called Strike 0-1: Fly out, F4 (Line Drive, 4M) | Batting: RHB Liangde Que | 0-0: Foul Ball, location: 2F 0-1: Fielders Choice at 2nd, 5-4 (Groundball, 56) | Top of the 10th over - 0 runs, 1 hit, 0 errors, 1 left on base; Richmond 3 - Tuscaloosa 3 | BOTTOM OF THE 10TH |
---|
Tuscaloosa Trout Slayers batting - Pitching for Richmond Flairs : LHP José Morán | Batting: RHB Jason Saunders | 0-0: Swinging Strike Error on foul ball, E7 0-2: Fly out, F3 (Popup, 3D) | Batting: RHB Kyle O'Day | 0-0: Ball 1-0: Ball 2-0: Foul Ball, location: 2F 2-1: Fly out, F5 (Line Drive, 5) | Batting: RHB José Fernández | 0-0: SOLO HOME RUN (Flyball, 7LD), Distance : 340 ft | Saturday, December 16th, 2017 - OOTP Baseball 18.8 Build 76 |
|